 Dungeon Crawl Stone Soup version 0.27-a0-1248-g57ac2eb73c (webtiles) character file.

Game seed: 12181289169687666713

148 Nacht the Skirmisher (level 5, -2/37 HPs)
             Began as a Gargoyle Fighter on June 10, 2021.
             Slain by an iguana (10 damage)
             ... on level 4 of the Dungeon.
             The game lasted 00:05:32 (2618 turns).

Nacht the Skirmisher (Gargoyle Fighter)             Turns: 2618, Time: 00:05:32

Health: -2/37      AC: 10    Str: 21    XL:     5   Next: 30%
Magic:  5/5        EV:  7    Int:  8    God:
Gold:   46         SH: 10    Dex:  9    Spells: 4/4 levels left

rFire    . . .     SeeInvis .   i - +1 mace
rCold    . . .     Faith    .   c - +1 kite shield
rNeg     + . .     Spirit   .   b - +0 scale mail
rPois    ∞         Reflect  .   (no helmet)
rElec    +         Harm     .   (no cloak)
rCorr    .         Rampage  .   (no gloves)
Will     .....                  (no boots)
Stlth    ..........             (no amulet)
HPRegen  0.12/turn              (no ring)
MPRegen  0.09/turn              (no ring)

@: mighty
A: sickness immunity, AC +4, negative energy resistance 1, electricity
resistance, torment resistance 1, petrification resistance
a: no special abilities


You were on level 4 of the Dungeon.
You visited 1 branch of the dungeon, and saw 4 of its levels.

You collected 46 gold pieces.

Inventory:

Hand Weapons
 a - a +0 flail
 i - a +1 mace (weapon)
Missiles
 e - 105 stones (quivered)
Armour
 b - a +0 scale mail (worn)
 c - a +1 kite shield (worn)
Jewellery
 g - a ring of wizardry
 h - a ring of protection from cold


   Skills:
 + Level 6.4 Fighting
 - Level 2.0 Maces & Flails
 - Level 3.2 Armour
 - Level 3.2 Shields


You had 4 spell levels left.
You didn't know any spells.
Your spell library was empty.

Dungeon Overview and Level Annotations

Branches:
Dungeon (4/15)
 Temple: D:4-7

Altars:
Dithmenos
Makhleb
Ru

Annotations:
D:2 Sigmund


Innate Abilities, Weirdness & Mutations

You are immune to sickness and miasma.
Your stone body is resilient. (AC +4)
You are immune to poison.
You resist negative energy. (rN+)
You are resistant to electric shocks. (rElec)
You are resistant to unholy torment.
You are immune to petrification.


Message History

An iguana comes into view.
The iguana hisses angrily.
The iguana moves out of view.
An iguana is nearby!
You closely miss the iguana. You block the iguana's attack.
You barely miss the iguana. The iguana bites you!
You block the iguana's attack.
You hit the iguana.
The iguana is heavily wounded.
You block the iguana's attack.
You hit the iguana but do no damage.
The iguana is heavily wounded.
You block the iguana's attack. The iguana barely misses you.
You hit the iguana but do no damage.
The iguana is heavily wounded.
You block the iguana's attack.
You hit the iguana but do no damage.
The iguana is heavily wounded.
The iguana bites you. The iguana bites you!
You are too injured to fight recklessly!
You are too injured to fight recklessly!
You are too injured to fight recklessly!
You are too injured to fight recklessly!
You closely miss the iguana.
The iguana is heavily wounded.
The iguana closely misses you.
You barely miss the iguana.
The iguana is heavily wounded.
The iguana bites you!
* * * LOW HITPOINT WARNING * * *
The iguana closely misses you.
You feel very mighty all of a sudden. You block the iguana's attack.
You barely miss the iguana.
The iguana is moderately wounded.
The iguana bites you but does no damage.
You hit the iguana but do no damage.
The iguana is moderately wounded.
You block the iguana's attack. The iguana bites you!
You die...

## ...###.
##.....####### #.
##..l@..# #. ##.#####.#
#.#.## #.# ####### #..#
#.# #.....# #...#
#.####.###.# #.....#
#......# #.# #.......#
####.#.###.#
#.........####........#
+.........+.......#.###


You could see an iguana.

Vanquished Creatures
  Terence (D:2)
  4 adders
  A gnoll (D:1)
  A worm (D:3)
  2 dart slugs (D:1)
  7 orcs (D:3)
  6 bats
  3 endoplasms
  5 giant cockroaches
  2 goblins (D:1)
  5 hobgoblins
  7 kobolds
  3 quokkas
  6 ball pythons
  A frilled lizard (D:2)
  7 rats
61 creatures vanquished.

Notes
Turn   | Place    | Note
-------+----------+-------------------------------------------
     0 | D:1      | Nacht the Gargoyle Fighter began the quest for the Orb.
     0 | D:1      | Reached XP level 1. HP: 14/14 MP: 1/1
    32 | D:1      | Reached skill level 4 in Fighting
    32 | D:1      | Reached XP level 2. HP: 20/20 MP: 2/2
   499 | D:1      | Reached XP level 3. HP: 24/24 MP: 3/3
  1065 | D:1      | Found a faded altar of an unknown god.
  1361 | D:2      | Noticed Sigmund
  1409 | D:2      | Reached skill level 5 in Fighting
  1458 | D:2      | Noticed Terence
  1473 | D:2      | Killed Terence
  1474 | D:2      | Reached XP level 4. HP: 22/31 MP: 4/4
  1766 | D:3      | Reached skill level 6 in Fighting
  1870 | D:3      | Reached XP level 5. HP: 36/36 MP: 5/5
  1882 | D:3      | Found a sacrificial altar of Ru.
  1944 | D:3      | Found a burning altar of Makhleb.
  2232 | D:3      | Found a shadowy altar of Dithmenos.
  2415 | D:3      | Noticed a blizzard demon
  2618 | D:4      | Slain by an iguana

Illustrated notes

Levels and vault maps discovered:
D:1:      grunt_arrival_crossed_arrows, layout_basic,
          hellmonk_ecumenical_altar_inner_sanctum, serial_forest,
          infiniplex_forest_end_3, infiniplex_forest_straight_3,
          infiniplex_forest_lined_1, infiniplex_forest_straight_2,
          infiniplex_forest_straight_4, infiniplex_forest_corner_1,
          infiniplex_forest_corner_1, infiniplex_forest_lined_room_2,
          infiniplex_forest_corner_1, infiniplex_forest_fountain
D:2:      layout_rooms, hex_intersection, uniq_terence, uniq_sigmund
D:3:      layout_loops_ring, grunt_dithmenos_smoke_and_mirrors,
          old_standard_altar, makhleb_altar_promises_db
D:4:      minmay_spotlight, layout_loops_corners, minmay_temple_entry_mist,
          minmay_hollow_rounded_squares, uniq_pikel

Skill      XL: |  1  2  3  4 |
---------------+-------------+-----
Fighting       | 4 5 6 |  6.4
Maces & Flails | |  2.0
Armour         | |  3.2
Shields        | |  3.2

Action                   |  1- 3 |  4- 6 || total
-------------------------+-------+-------++-------
Melee: Flail             |   117 |    83 ||   200
       Mace              |       |    55 ||    55
  Use: Scroll            |     1 |     2 ||     3
       Potion            |     1 |     1 ||     2
Armor: Scale mail        |    87 |    84 ||   171
Dodge: Dodged            |    49 |    43 ||    92
Block: Kite shield       |    74 |    81 ||   155

Table legend: (Time is in decaauts)
 A = Elapsed time spent in this place.
 B = Non-inter-level travel time spent in this place.
 C = Inter-level travel time spent in this place.
 D = Time resting spent in this place.
 E = Time spent auto-exploring this place.
 F = Levels seen in this place.
 G = Mean time per level.
                   A        B        C        D        E       F      G
               +--------+--------+--------+--------+--------+-----+--------+
         Total |   2753 |   2631 |    122 |    131 |   1783 |   4 |  688.2 |
       Dungeon |   2753 |   2631 |    122 |    131 |   1783 |   4 |  688.2 |
               +--------+--------+--------+--------+--------+-----+--------+

Top non-repeatable levels by time:
     D:1: 1457 daAuts
     D:3: 1116 daAuts
     D:2: 124 daAuts
     D:4: 56 daAuts
